 Dungeon Crawl Stone Soup version 0.27-a0-1555-g0e7b3fb1d2 (webtiles) character file.

Game seed: 17245090009518881753

5 blackman the Slasher (level 1, 0/16 HPs)
             Began as a Human Wanderer on July 14, 2021.
             Frozen to death by an endoplasm (4 damage)
             ... on level 1 of the Dungeon.
             The game lasted 00:00:46 (102 turns).

blackman the Slasher (Human Wanderer)                Turns: 102, Time: 00:00:46

Health: 0/16       AC:  8    Str: 11    XL:     1   Next: 88%
Magic:  1/1        EV:  8    Int: 14    God:
Gold:   0          SH:  0    Dex: 11    Spells: 0/0 levels left

rFire    . . .     SeeInvis .   a - +0 club
rCold    . . .     Faith    .   (no shield)
rNeg     . . .     Spirit   .   b - +2 scale mail
rPois    .         Reflect  .   (no helmet)
rElec    .         Harm     .   (no cloak)
rCorr    .         Rampage  .   (no gloves)
Will     .....                  (no boots)
Stlth    ..........             (no amulet)
HPRegen  0.05/turn              (no ring)
MPRegen  0.07/turn              (no ring)

@: no status effects
A: no striking features
a: no special abilities


You were on level 1 of the Dungeon.
You visited 1 branch of the dungeon, and saw 1 of its levels.

Inventory:

Hand Weapons
 a - a +0 club (weapon)
Missiles
 c - a throwing net (quivered)
Armour
 b - a +2 scale mail (worn)


   Skills:
 - Level 2.0 Fighting
 * Level 2.5 Long Blades
 - Level 2.0 Throwing
 - Level 2.0 Armour
 - Level 1.0 Dodging
 - Level 1.0 Stealth


You couldn't memorise any spells.
You didn't know any spells.
Your spell library contained the following spells:

 Spells                   Type           Power      Damage    Failure   Level
 Foxfire                  Conj/Fire      0%         2x1d4     86%         1
 Freeze                   Ice            0%         1d3       86%         1
 Ignite Poison            Fire/Tmut/Pois 0%         N/A       99%         3
 Ozocubu's Armour         Ice            0%         N/A       99%         3


Dungeon Overview and Level Annotations

Branches:
Dungeon (1/15)

Altars:


Message History

You barely miss the hobgoblin.
The hobgoblin is heavily wounded.
The hobgoblin barely misses you.
You hit the hobgoblin.
The hobgoblin is severely wounded.
The hobgoblin barely misses you. The hobgoblin closely misses you.
You hit the hobgoblin.
You kill the hobgoblin!
The goblin hits you with a +0 dagger.
* * * LOW HITPOINT WARNING * * *
You miss the goblin. The goblin barely misses you.
You catch the helpless goblin completely off-guard!
You hit the goblin.
You kill the goblin!
You hit the goblin.
The goblin is severely wounded.
The goblin closely misses you.
You catch the helpless goblin completely off-guard!
You hit the goblin.
You kill the goblin!
You flicker for a moment.
Items here: )) ††††.
You flicker back into view.
Found a stone staircase leading down.
Found 14 gold pieces.
There is a stone staircase leading down here.
Your magical contamination has completely faded away.
An endoplasm comes into view.
The endoplasm quivers.
The endoplasm freezes you.
You are frozen.
* * * LOW HITPOINT WARNING * * *
You are too injured to fight recklessly!
You are too injured to fight recklessly!
Found a throwing net.
You see here a throwing net.
c - a throwing net The endoplasm freezes you.
You are frozen.
You die...

#............'........# #.#
#............#........# #.#
#............#........# #.#
#....################.# #.#
#.#..####### #.# #.#
#.#........# #.####.#
#.#.>....$.+ #......#
#.##.......##### ######.# .
#.##.......##@.# #.##
..##...........J..# #..#
....................# ##.#
......................# ####.#
..........###......##.####♣.##.#
..........# #......# #..♣.♣.#.#
..........# #.......# ♣.♣##..#
..######### #.......# #..♣####
.. #####+#.# ♣..♣


You could see an endoplasm.

Vanquished Creatures
  2 goblins (D:1)
  2 hobgoblins (D:1)
  A rat (D:1)
5 creatures vanquished.

Notes
Turn   | Place    | Note
-------+----------+-------------------------------------------
     0 | D:1      | blackman the Human Wanderer began the quest for the Orb.
     0 | D:1      | blackman set off with the following items: a +0 club, a +2
                  | scale mail; and the following spells available to memorise:
                  | Foxfire, Freeze, Ignite Poison, Ozocubu's Armour
     0 | D:1      | Reached XP level 1. HP: 16/16 MP: 1/1
   102 | D:1      | Frozen to death by an endoplasm

Illustrated notes

Levels and vault maps discovered:
D:1:      pf_arrival_petrified_forest, layout_basic, minmay_misc_feat_square

Action                   || total
-------------------------++-------
Melee: Club              ||    19
  Use: Potion            ||     1
 Stab: Invisible         ||     4
Armor: Scale mail        ||    14
Dodge: Dodged            ||    14

Table legend: (Time is in decaauts)
 A = Elapsed time spent in this place.
 B = Non-inter-level travel time spent in this place.
 C = Inter-level travel time spent in this place.
 D = Time resting spent in this place.
 E = Time spent auto-exploring this place.
 F = Levels seen in this place.
 G = Mean time per level.
                   A        B        C        D        E       F      G
               +--------+--------+--------+--------+--------+-----+--------+
         Total |    107 |    107 |      0 |      0 |     22 |   1 |  107.0 |
       Dungeon |    107 |    107 |      0 |      0 |     22 |   1 |  107.0 |
               +--------+--------+--------+--------+--------+-----+--------+

Top non-repeatable levels by time:
     D:1: 107 daAuts
